AoeStats
← Chasixx

Four Lakes

509561868Analyzed
1v1 RM · 3d ago on Sep 27, 2026· 81m 9s· 2 players
Game mode
Random Map
Map size
Tiny (2 player)
Population
200
Speed
Normal
Resources
Standard
Victory
Conquest
Starting age
Dark Age
Ending age
Imperial Age
RankedLock teamsTeams togetherTeam positionsShared explorationLock speedFull tech treeHidden civsTurbo modeCheats
Victory
Defeat
🇳🇱 Bulgarians · Netherlands
589
+17
🇹🇼 Spanish · Taiwan
604
-17
Chasixx
8:23 Loom
13:43 Feudal Age
14:19 Arson
15:40 Wheelbarrow
14:51 Town Watch
15:43 Forging
15:34 Scale Mail Armor
15:38 Double-Bit Axe
15:36 Horse Collar
22:37 Castle Age
24:49 Bloodlines
24:51 Scale Barding Armor
24:40 Fletching
26:34 Hand Cart
26:20 Town Patrol
29:20 Squires
29:11 Gambesons
30:07 Iron Casting
29:41 Husbandry
30:51 Chain Barding Armor
30:47 Chain Mail Armor
33:06 Padded Archer Armor
33:23 Thumb Ring
35:05 Bodkin Arrow
46:56 Imperial Age
44:52 Elite Skirmisher
46:15 Stirrups
48:30 Conscription
49:29 Blast Furnace
48:37 Cavalier
50:09 Pikeman
55:07 Plate Mail Armor
62:15 Plate Barding Armor
66:47 Ballistics
69:08 Light Cavalry
74:24 Halberdier
74:39 Capped Ram
76:26 Bracer
75:49 Hussar
joile003
11:45 Feudal Age
12:07 Loom
14:02 Wheelbarrow
13:15 Double-Bit Axe
14:38 Fishing Lines
24:05 Castle Age
22:05 Fletching
26:28 Bow Saw
39:54 Hand Cart
43:01 Imperial Age
43:37 Light Cavalry
66:02 Two-Man Saw
72:16 Husbandry
72:26 Bloodlines
74:50 Chemistry
78:49 Elite Conquistador
Connection lost

Rejoining the realm…

Still unreachable

The connection could not be restored.

Session expired

The server has moved on; the page needs a fresh start.